 Dungeon Crawl Stone Soup version 0.21-a0-278-ga722497 (webtiles) character file.

28 JackS81 the Chucker (level 3, -1/36 HPs)
             Began as an Ogre Hunter on Sept 22, 2017.
             Slain by an adder (2 damage)
             ... on level 2 of the Dungeon.
             The game lasted 00:04:24 (761 turns).

JackS81 the Chucker (Ogre Hunter)                    Turns: 761, Time: 00:04:24

Health: -1/36      AC:  3    Str: 17    XL:     3   Next: 14%
Magic:  3/3        EV: 10    Int: 12    God:
Gold:   51         SH:  0    Dex:  9    Spells: 2/2 levels left

rFire    . . .     SeeInvis .   c - +0 club
rCold    . . .     Gourm    .   (no shield)
rNeg     . . .     Faith    .   b - +0 robe
rPois    .         Spirit   .   (helmet restricted)
rElec    .         Reflect  .   (no cloak)
rCorr    .         Harm     .   (gloves unavailable)
MR       .....                  (boots unavailable)
Stlth    +.........             (no amulet)
HPRegen  0.12/turn              (no ring)
MPRegen  0.08/turn              (no ring)

@: flying, hasted, very quick
A: unfitting armour, tough skin 1
a: no special abilities


You were on level 2 of the Dungeon.
You were not hungry.

You visited 1 branch of the dungeon, and saw 2 of its levels.

You collected 51 gold pieces.

Inventory:

Hand Weapons
 a - a +0 short sword
 c - a +0 club (weapon)
Missiles
 k - 9 arrows
 l - 28 stones (quivered)
 t - 14 poisoned needles
Armour
 b - a +0 robe (worn)
Scrolls
 e - a scroll of identify {unknown}
 g - a scroll of blinking {unknown}
 h - 2 scrolls of remove curse {unknown}
 j - a scroll of fear {unknown}
 o - 2 scrolls of teleportation {unknown}
 s - a scroll of amnesia {unknown}
Comestibles
 f - 2 bread rations
 m - 4 chunks of flesh


   Skills:
 - Level 2.6 Fighting
 * Level 0.6 Maces & Flails
 + Level 4.8 Throwing
 - Level 1.7 Dodging
 - Level 0.6 Stealth


You had 2 spell levels left.
You didn't know any spells.

Dungeon Overview and Level Annotations

Branches:
Dungeon (2/15)

Altars:


Innate Abilities, Weirdness & Mutations

You are too large for most types of armour.
You have tough skin. (AC +1)


Message History

It was a potion of haste.
You feel yourself speed up. The ball python bites you.
* * * LOW HITPOINT WARNING * * *
The adder bites you but does no damage. The ball python barely misses you.
You closely miss the adder.
The adder is almost dead.
The adder barely misses you. The ball python misses you.
Unknown command.
You closely miss the adder.
The adder is almost dead.
The adder bites you.
* * * LOW HITPOINT WARNING * * *
It was a potion of magic.
Magic courses through your body. The ball python barely misses you.
The adder bites you.
* * * LOW HITPOINT WARNING * * *
You closely miss the adder.
The adder is almost dead.
The ball python bites you but does no damage.
The adder bites you.
You die...

##+## ##...## #
##.....## ## ..
##.......## #.#.#.#
#.........####.......
+.........S@Sb....(..
#.........####..(##.#
##.......## #..>...
##.....## .###(#
##...## # # ##'## #.#
#.# ####.######


You could see an adder, a bat and a ball python.

Vanquished Creatures
  A dart slug (D:2)
  4 bats (D:1)
  3 giant cockroaches (D:1)
  A hobgoblin (D:1)
  4 jackals (D:1)
  A ball python (D:1)
  7 goblins
  3 kobolds (D:1)
24 creatures vanquished.

Notes
Turn   | Place    | Note
-------+----------+-------------------------------------------
     0 | D:1      | JackS81 the Ogre Hunter began the quest for the Orb.
     0 | D:1      | Reached XP level 1. HP: 22/22 MP: 1/1
   306 | D:1      | Reached XP level 2. HP: 27/29 MP: 2/2
   518 | D:1      | Reached XP level 3. HP: 35/36 MP: 3/3
   760 | D:2      | HP: 1/36 [adder (3)]
   761 | D:2      | Slain by an adder

Vault maps used:
D:1:      lordsloth_arrival_two_stooges, st_stairs_8
D:2:      cheibrodos_helix_gallery

Action                   || total
-------------------------++-------
Melee: Short sword       ||    10
       Club              ||    52
Throw: Large rock        ||    28
       Throwing net      ||     3
  Use: Potion            ||     4
Armor: Robe              ||    37
Dodge: Dodged            ||    68

Table legend:
 A = Spawn XP
 B = Non-spawn XP
 C = Spawn XP percentage of total XP
 D = Spawn monster count
 E = Non-spawn monster count
 F = Spawn count percentage of total count
 G = Total turns spent on level
                    A         B        C        D         E        F      G
               +---------+---------+-------+---------+---------+-------+---------
         Total |       0 |      41 |   0.0 |       0 |      24 |   0.0 |   761
               +---------+---------+-------+---------+---------+-------+---------
           D:1 |       0 |      35 |   0.0 |       0 |      22 |   0.0 |   672
           D:2 |       0 |       6 |   0.0 |       0 |       2 |   0.0 |    89
               +---------+---------+-------+---------+---------+-------+---------
